 Dungeon Sprint DCSS version 0.21.1-1-g345015f (webtiles) character file.

6015 Fang the Warrior (level 10, -5/107 HPs)
             Began as a Minotaur Berserker on May 1, 2018.
             Was the Champion of Trog.
             Slain by a draconian
             ... wielding a +0 dagger
              (7 damage)
             ... in the Dungeon (Sprint V: "Ziggurat Sprint").
             The game lasted 00:02:43 (527 turns).

Fang the Warrior (Minotaur Berserker)                Turns: 527, Time: 00:02:43

Health: -5/107     AC: 19    Str: 30    XL:     10   Next: 56%
Magic:  9/9        EV: 13    Int:  8    God:    Trog [******]
Gold:   0          SH:  0    Dex: 11    Spells: 9/9 levels left

rFire    . . .     SeeInvis +   l - +5 demon trident
rCold    . . .     Gourm    .   (no shield)
rNeg     . . .     Faith    .   j - +5 shadow dragon scales
rPois    .         Spirit   .   (helmet restricted)
rElec    .         Reflect  .   (no cloak)
rCorr    .         Harm     .   (no gloves)
MR       .....     NoTele   +   (no boots)
Stlth    +++.......             a - amulet "Riuk" {RegenMP Int+4 SInv}
HPRegen  0.27/turn              G - ring of flight
MPRegen  0.36/turn              F - +6 ring of strength

@: berserk cooldown, slowed, studying Throwing, very slow
A: retaliatory headbutt, horns 2
a: Berserk, Trog's Hand, Brothers in Arms, Burn Spellbooks, Renounce Religion,
Evoke Flight


You were in the Dungeon.
You worshipped Trog.
Trog was exalted by your worship.
You were very hungry.

You visited 1 branch

Inventory:

Hand Weapons
 l - a +5 demon trident (weapon)
 B - a +3 hand axe of electrocution
Armour
 j - +5 shadow dragon scales (worn)
Jewellery
 a - the amulet "Riuk" (around neck) {RegenMP Int+4 SInv}
   (You found it in the Dungeon)

   [amulet of magic regeneration]

   It increases your magic regeneration.
   It affects your intelligence (+4).
   It lets you see invisible.
 F - a +6 ring of strength (right hand)
 G - a ring of flight (left hand)
Wands
 x - a wand of disintegration (7)
 y - a wand of iceblast (7)
 z - a wand of acid (7)
Scrolls
 i - 4 scrolls of blinking
 k - 4 scrolls of enchant weapon
 m - 7 scrolls of fog
 n - a scroll of holy word
 o - 5 scrolls of identify
 p - 5 scrolls of remove curse
 q - 2 scrolls of fear
Potions
 d - 10 potions of curing
 e - 10 potions of heal wounds
 f - 6 potions of haste
 g - 7 potions of magic
 h - 3 potions of berserk rage
 r - 2 potions of brilliance
 s - 2 potions of invisibility
 t - 4 potions of resistance
 v - 5 potions of agility
 w - 5 potions of might
Books
 u - a manual of Throwing
Miscellaneous
 A - a lamp of fire
Comestibles
 b - 3 chunks of flesh
 c - 7 rations


   Skills:
 + Level 15.6 Fighting
 + Level 13.9(16.1) Axes
 + Level 14.1(16.2) Polearms
 + Level 10.3 Armour
 + Level 8.4 Dodging
 + Level 2.4 Stealth


You had 9 spell levels left.
You didn't know any spells.

Dungeon Overview and Level Annotations

Branches:
Dungeon (1/1)

Altars:
Ashenzari
Cheibriados
Dithmenos
Elyvilon
Fedhas
Gozag
Hepliaklqana
Kikubaaqudgha
Makhleb
Nemelex Xobeh
Okawaru
Qazlal
Ru
Sif Muna
Trog
Uskayaw
Vehumet
Wu Jian
Xom
Yredelemnul
Zin
The Shining One
Beogh
Jiyva
Lugonu

Annotations:
D 1 transporter


Innate Abilities, Weirdness & Mutations

You reflexively headbutt those who attack you in melee.
You have a pair of horns on your head.


Message History

The draconian barely misses you. You furiously retaliate!
You headbutt the draconian.
Unknown command.
You closely miss the black draconian.
Your headbutt misses the black draconian.
The black draconian is almost dead.
The black draconian barely misses you. You furiously retaliate!
You headbutt the black draconian!
The draconian hits you but does no damage.
The draconian barely misses you. You furiously retaliate!
You headbutt the draconian! The draconian completely misses you.
Unknown command.
You closely miss the black draconian. You headbutt the black draconian.
The black draconian is almost dead.
The black draconian hits you with a hand axe!
* * * LOW HITPOINT WARNING * * *
The draconian completely misses you.
The draconian hits you but does no damage.
The draconian hits you with a dagger!
You die...

▓.▓...▓.▓
▓...©...▓
▓▓▓▓▓▓▓▓▓
▓..8©8..▓
▓..}.}..▓
▓..%}[..▓
▓.......▓
▓.......▓
▓..d@d..▓
▓..d.d..▓
▓.▓.).▓.▓
▓...©...▓
▓▓▓▓▓▓▓▓▓


You could see a black draconian and 3 draconians.

Vanquished Creatures
  A death cob (D)
  A purple draconian (D)
  2 deep elf magi (D)
  2 water elementals (D)
  A naga (D)
  A floating eye (D)
  2 eyes of draining (D)
  A crimson imp (D)
  A quasit (D)
  2 orc priests (D)
  A jelly (D)
  An orc wizard (D)
  An iron imp (D)
  An adder (D)
  2 shadow imps (D)
  A white imp (D)
  2 oozes (D)
  2 orcs (D)
  A ball python (D)
26 creatures vanquished.

Vanquished Creatures (others)
  the Lernaean hydra (D)
  Joseph (D)
  Grinder (D)
  Prince Ribbit (D)
  Eustachio (D)
  Menkaure (D)
  Blork the orc (D)
  Dowan (D)
  Crazy Yiuf (D)
  Ijyb (D)
10 creatures vanquished.

Grand Total: 36 creatures vanquished

Notes
Turn   | Place    | Note
-------+----------+-------------------------------------------
     0 | D        | Found the +6 Majin-Bo {vamp, Archmagi MP+6 Int+6}
     0 | D        | Found the +7 great mace "Firestarter" {inner flame, rF++}
     0 | D        | Fang the Minotaur Berserker began the quest for the Orb.
     0 | D        | Reached XP level 1. HP: 19/19 MP: 0/0
     3 | D        | Found a blossoming altar of Fedhas.
     3 | D        | Killed Ijyb
     4 | D        | Found a viscous altar of Jiyva.
     4 | D        | Found a hazy altar of Hepliaklqana.
     4 | D        | Found a transporter.
     4 | D        | Found an opulent altar of Gozag.
     4 | D        | Found an ancient bone altar of Kikubaaqudgha.
     4 | D        | Found a corrupted altar of Lugonu.
    10 | D        | Found a burning altar of Makhleb.
    11 | D        | Found a stormy altar of Qazlal.
    11 | D        | Found a sacrificial altar of Ru.
    11 | D        | Found an iron altar of Okawaru.
    11 | D        | Found a deep blue altar of Sif Muna.
    11 | D        | Found a sparkling altar of Nemelex Xobeh.
    11 | D        | Found a bloodstained altar of Trog.
    35 | D        | Killed Blork the orc
    72 | D        | Entered arena 2.
    72 | D        | Noticed a floating eye
    72 | D        | Noticed an eye of draining
    72 | D        | Found a transporter.
    74 | D        | Killed a floating eye
    74 | D        | Reached skill level 7 in Fighting
    74 | D        | Reached XP level 2. HP: 35/35 MP: 1/1
    74 | D        | Reached XP level 3. HP: 40/40 MP: 2/2
    74 | D        | Reached XP level 4. HP: 48/48 MP: 3/3
    77 | D        | Killed an eye of draining
    77 | D        | Reached skill level 9 in Fighting
    77 | D        | Reached skill level 1 in Polearms
    77 | D        | Reached XP level 5. HP: 57/57 MP: 4/4
    82 | D        | Got the amulet "Riuk" {RegenMP Int+4 SInv}
   115 | D        | Entered arena 3.
   115 | D        | Noticed a naga
   115 | D        | Found a transporter.
   119 | D        | Reached ** piety under Trog
   123 | D        | Killed a naga
   123 | D        | Reached skill level 10 in Fighting
   123 | D        | Reached skill level 10 in Axes
   123 | D        | Reached skill level 5 in Armour
   123 | D        | Reached skill level 5 in Dodging
   123 | D        | Reached XP level 6. HP: 66/66 MP: 5/5
   126 | D        | Killed the 27-headed Lernaean hydra
   132 | D        | Reached *** piety under Trog
   132 | D        | Reached **** piety under Trog
   138 | D        | Entered arena 4.
   138 | D        | Killed Dowan
   138 | D        | Found a transporter.
   145 | D        | Reached skill level 11 in Fighting
   146 | D        | Reached ***** piety under Trog
   163 | D        | Entered arena 5.
   163 | D        | Noticed a deep elf mage
   163 | D        | Noticed a deep elf mage
   163 | D        | Noticed a water elemental
   163 | D        | Noticed a water elemental
   163 | D        | Found a transporter.
   164 | D        | Noticed a fire elemental
   168 | D        | Killed a deep elf mage
   168 | D        | Reached skill level 12 in Fighting
   168 | D        | Reached XP level 7. HP: 78/78 MP: 6/6
   169 | D        | Killed a water elemental
   169 | D        | Reached XP level 8. HP: 85/85 MP: 7/7
   173 | D        | Reached skill level 13 in Fighting
   176 | D        | Killed a deep elf mage
   176 | D        | Received a gift from Trog
   180 | D        | Killed Joseph
   194 | D        | Killed Eustachio
   209 | D        | Killed Crazy Yiuf
   255 | D        | Killed Menkaure
   304 | D        | Killed Grinder
   321 | D        | Killed Prince Ribbit
   340 | D        | Entered arena 6.
   340 | D        | Found a transporter.
   343 | D        | Reached ****** piety under Trog
   465 | D        | Reached skill level 14 in Fighting
   465 | D        | Reached XP level 9. HP: 95/95 MP: 8/8
   468 | D        | Entered arena 7.
   469 | D        | Found a transporter.
   475 | D        | Received a gift from Trog
   480 | D        | Reached skill level 10 in Polearms
   500 | D        | Entered arena 8.
   500 | D        | Noticed a death cob
   500 | D        | Noticed a purple draconian
   500 | D        | Noticed a draconian
   500 | D        | Noticed a draconian
   500 | D        | Noticed a draconian
   500 | D        | Noticed a black draconian
   502 | D        | Found a transporter.
   507 | D        | Killed a death cob
   507 | D        | Received a gift from Trog
   507 | D        | Reached skill level 15 in Fighting
   507 | D        | Reached XP level 10. HP: 87/105 MP: 9/9
   517 | D        | Killed a purple draconian
   517 | D        | Reached skill level 10 in Armour
   527 | D        | HP: 2/107 [black draconian/hand axe (11)]
   527 | D        | Slain by a draconian

Skill      XL: |  1  2  3  4  5  6  7  8  9 10 |
---------------+-------------------------------+-----
Fighting       | 7 9 10 12 14 15 | 15.6
Axes           | 7 9 10 12 13 | 13.9
Armour         | 4 5 6 7 9 10 | 10.3
Dodging        | 3 4 5 6 7 8 |  8.4
Polearms       | 1 2 6 9 12 14 | 14.1
Stealth        | 2 |  2.4

Action                   |  1- 3 |  4- 6 |  7- 9 | 10-12 || total
-------------------------+-------+-------+-------+-------++-------
Melee: Demon trident     |     1 |    20 |    33 |    18 ||    72
       Headbutt          |       |     3 |     6 |     7 ||    16
Invok: Berserk           |     1 |     2 |     1 |       ||     4
       Burn Spellbooks   |       |     2 |     1 |       ||     3
  Use: Potion            |       |       |     1 |       ||     1
  Eat: Chunk             |       |       |     1 |       ||     1
Armor: Shadow dragon sca |       |     4 |    16 |    18 ||    38
Dodge: Dodged            |       |     5 |    19 |    17 ||    41
